 Seeded DCSS version 0.29-a0-993-g4a18f31a58 (webtiles) character file.

Game seed: 8107409582144026534 (custom seed)

112341 flotson the Nimble (level 16, -8/127 HPs)
             Began as a Demonspawn Delver on Aug 2, 2022.
             Was an Initiate of Gozag.
             Killed from afar by a deep elf zephyrmancer (41 damage)
             ... with a bolt of lightning
             ... on level 1 of the Elven Halls.
             The game lasted 00:53:05 (27010 turns).

flotson the Nimble (Demonspawn Delver)             Turns: 27010, Time: 00:53:07

Health: -8/127     AC: 20    Str: 25    XL:     16   Next: 11%
Magic:  16/16      EV: 12    Int: 12    God:    Gozag
Gold:   1081       SH: 16    Dex: 16    Spells: 15/15 levels left

rFire   . . .      SeeInvis +   a - +9 broad axe (flame)
rCold   . . .      Faith    .   V - +0 tower shield
rNeg    . . .      Spirit   .   P - +2 chain mail {Will+}
rPois   .          Reflect  .   X - +1 helmet {SInv}
rElec   .          Harm     .   n - scarf {shadows}
rCorr   .          Rampage  .   U - +1 pair of gloves
Will    ++...                   (no boots)
Stlth   ..........              h - amulet of regeneration
HPRegen 1.11/turn               o - +6 ring of strength
MPRegen 0.15/turn               y - +4 ring of slaying

@: studying Dodging
A: hooves 2, foul stench 2, powered by death 3, sharp scales 2
a: Renounce Religion, Potion Petition, Call Merchant, Bribe Branch


You were on level 1 of the Elven Halls.
You worshipped Gozag.
Gozag was most pleased with you.
You visited 5 branches of the dungeon, and saw 24 of its levels.
You also visited: Volcano.

You collected 8512 gold pieces.
You spent 5746 gold pieces at shops.
You paid 1685 gold pieces to Gozag.

Inventory:

Hand Weapons
 a - a +9 broad axe of flaming (weapon)
 b - a +5 vampiric trident
Missiles
 i - 46 poisoned darts (quivered)
 m - 13 boomerangs
 s - 12 javelins
 G - 4 throwing nets
 T - 7 curare-tipped darts
Armour
 n - a scarf of shadows (worn)
 z - a scarf of resistance
 P - a +2 chain mail of willpower (worn)
 U - a +1 pair of gloves (worn)
 V - a +0 tower shield (worn)
 X - a +1 helmet of see invisible (worn)
Jewellery
 h - an amulet of regeneration (around neck)
 o - a +6 ring of strength (left hand)
 t - a ring of poison resistance
 v - an amulet of reflection
 w - a ring of resist corrosion
 y - a +4 ring of slaying (right hand)
Wands
 g - a wand of digging (1)
 B - a wand of iceblast (9)
 H - a wand of polymorph (6)
 I - a wand of flame (26)
 M - a wand of charming (7)
 W - a wand of mindburst (26)
Scrolls
 c - 9 scrolls of fog
 e - 2 scrolls of enchant armour
 j - a scroll of silence
 k - 6 scrolls of vulnerability
 l - 4 scrolls of poison
 q - 9 scrolls of teleportation
 C - 3 scrolls of summoning
 L - a scroll of torment
 O - 5 scrolls of immolation
 Q - 11 scrolls of identify
 R - 3 scrolls of magic mapping
 S - 6 scrolls of fear
 Y - a scroll of blinking
Potions
 d - 5 potions of might
 f - 6 potions of curing
 p - 6 potions of mutation
 r - 6 potions of heal wounds
 u - 4 potions of attraction
 x - 2 potions of berserk rage
 A - 11 potions of lignification
 E - 3 potions of resistance
 F - a potion of invisibility
 J - 2 potions of ambrosia {unknown}
 K - 8 potions of flight
 N - 2 potions of cancellation
 Z - 3 potions of haste


   Skills:
 + Level 12.0 Fighting
 + Level 10.7 Axes
 - Level 1.7(7.0) Polearms
 + Level 10.5 Throwing
 + Level 10.7 Armour
 + Level 13.7 Dodging
 - Level 4.5 Stealth
 + Level 9.1 Shields
 + Level 11.6 Evocations


You had 15 spell levels left.
You didn't know any spells.
Your spell library contained the following spells:

 Spells                   Type           Power      Damage    Failure   Level
 Apportation              Tloc           0%         N/A       100%        1
 Beastly Appendage        Tmut           0%         N/A       100%        1
 Foxfire                  Conj/Fire      0%         2x1d4     100%        1
 Freeze                   Ice            0%         1d3       100%        1
 Magic Dart               Conj           0%         1d3       100%        1
 Necrotise                Necr           0%         1d4       100%        1
 Summon Small Mammal      Summ           0%         N/A       100%        1
 Blink                    Tloc           0%         N/A       100%        2
 Call Imp                 Summ           0%         N/A       100%        2
 Searing Ray              Conj           0%         2d4       100%        2
 Sublimation of Blood     Necr           0%         N/A       100%        2
 Wereblood                Tmut           0%         N/A       100%        2
 Frozen Ramparts          Ice            0%         1d8       100%        3
 Gell's Gravitas          Tloc           0%         N/A       100%        3
 Lesser Beckoning         Tloc           0%         N/A       100%        3
 Mephitic Cloud           Conj/Pois/Air  0%         N/A       100%        3
 Portal Projectile        Hex/Tloc       0%         N/A       100%        3
 Spider Form              Tmut/Pois      0%         N/A       100%        3
 Teleport Other           Tloc           0%         N/A       100%        3
 Tukima's Dance           Hex            0%         N/A       100%        3
 Fulminant Prism          Conj/Hex       0%         3d6       100%        4
 Hailstorm                Conj/Ice       0%         3d3       100%        4
 Summon Lightning Spire   Summ/Air       0%         N/A       100%        4
 Alistair's Intoxication  Tmut/Pois      0%         N/A       100%        5
 Blade Hands              Tmut           0%         N/A       100%        5
 Borgnjor's Vile Clutch   Necr/Erth      0%         N/A       100%        5
 Manifold Assault         Tloc           0%         N/A       100%        5
 Eringya's Noxious Bog    Tmut/Pois      0%         N/A       100%        6
 Storm Form               Tmut/Air       0%         N/A       100%        7
 Summon Hydra             Summ           0%         N/A       100%        7
 Maxwell's Capacitive Co  Air            0%         ∞         100%        8


Dungeon Overview and Level Annotations

Branches:
Dungeon (15/15)            Temple (1/1) D:6            Lair (5/5) D:11
 Shoals (0/4) Lair:3       Spider (0/4) Lair:2        Slime (0/5) Lair:4
    Orc (2/2) D:9             Elf (1/3) Orc:2        Vaults (0/5) D:13
 Depths (0/4) D:15        Volcano (visited)

Altars:
Ashenzari
Cheibriados
Dithmenos
Fedhas
Gozag
Hepliaklqana
Kikubaaqudgha
Makhleb
Nemelex Xobeh
Okawaru
Qazlal
Ru
Sif Muna
Trog
Uskayaw
Vehumet
Wu Jian
Xom
Jiyva

Shops:
D:2 :   D:3 !?*[[*?   D:12 *(!=   D:13 *?   Orc:2 ([:*

Annotations:
Lair:4 Nessos


Innate Abilities, Weirdness & Mutations

You have hoof-like feet.
You sometimes emit foul miasma when damaged in melee.
You regenerate a lot of health from kills.
You are mostly covered in razor-sharp scales. (AC +2, Slay +2)


Message History

The deep elf zephyrmancer is lightly wounded.
You closely miss the deep elf pyromancer.
You slice the fire elemental!!
The deep elf zephyrmancer mumbles some strange words.
The deep elf zephyrmancer blinks!
The deep elf zephyrmancer barely misses you.
The fire elemental hits you. The fire elemental burns you!
The deep elf zephyrmancer mumbles some strange words.
The deep elf zephyrmancer blinks!
The deep elf high priest calls down the wrath of its god upon you.
Something smites you! The deep elf pyromancer misses you.
The deep elf zephyrmancer casts a spell at you.
The bolt of lightning hits you!!
You are too injured to fight recklessly!
Unknown command.
You are too injured to fight recklessly!
Unknown command.
You are too injured to fight recklessly!
Unknown command.
You are too injured to fight recklessly!
You slash the deep elf zephyrmancer! You burn the deep elf zephyrmancer.
Your kick misses the deep elf zephyrmancer.
The deep elf zephyrmancer is moderately wounded.
You slice the fire elemental!!
You destroy the fire elemental!
The fire elemental disappears in a puff of smoke!
You completely miss the deep elf pyromancer.
You slash the deep elf zephyrmancer! You burn the deep elf zephyrmancer!
You slice the fire elemental!! The fire elemental hits you.
The fire elemental burns you! You block the fire elemental's attack.
The fire elemental hits you. The fire elemental burns you!
* * * LOW HITPOINT WARNING * * *
The deep elf zephyrmancer casts a spell at you.
The bolt of lightning misses you.
The bolt of lightning hits the fire elemental!
The fire elemental resists.
The bolt of lightning hits the fire elemental!
The fire elemental resists.
The bolt of lightning hits you!!!
You die...
Your body crumbles into a pile of gold.

....#.........#
...###.......## ...#
##.....## #### ##...##
##### ##+## ##...# ##
#.# #...## ≈§≈
#######.####..####§≈≈
#.......#.##).#e[##≈≈
#.# ##....#...@ee?##≈
#.###.....)..EeE°.:#≈
###.####....#...☼..!##≈
......)#..#.##..#.}##≈≈
###.##)#..#.##..####§≈≈
#.##.)....##...# ≈§≈≈
#.####..#####..♣ ≈##
#.......# ## #######.#


You could see a deep elf high priest (brilliance aura), a deep elf pyromancer
(empowered), 2 deep elf zephyrmancers and 2 fire elementals.

Vanquished Creatures
  Rupert (D:13)
  Kirke (D:12)
  Gastronok (Lair:3)
  2 orc warlords
  A stone giant (Orc:2)
  3 ettins
  Josephine (D:12)
  2 ogre magi
  3 boulder beetles
  7 hydras
  A spriggan zombie (D:15)
  2 catoblepae
  2 centaur warriors (D:13)
  14 two-headed ogres
  A dancing weapon (Elf:1)
  Nergalle (D:12)
  A hell knight (Volcano)
  9 skeletal warriors
  A storm dragon zombie (D:15)
  A fire crab (shapeshifter) (D:13)
  A flayed ghost (D:15)
  An orb spider (Lair:2)
  A deep elf archer (Elf:1)
  14 deep elf pyromancers
  A necromancer (D:15)
  A lindwurm (Lair:5)
  4 orc knights
  3 deep elf zephyrmancers (Elf:1)
  11 ugly things
  A manticore (D:14)
  A wolf spider (D:13)
  A frost giant zombie (D:15)
  10 cyclopes
  An oklob plant (Lair:3)
  A molten gargoyle (Volcano)
  9 black mambas
  A cane toad (shapeshifter) (D:14)
  6 elephants (Lair:3)
  A torpor snail (Lair:5)
  A gargoyle (D:14)
  2 kobold demonologists
  3 unseen horrors
  3 efreet
  9 cane toads
  2 rime drakes
  16 komodo dragons
  Maggie (Lair:1)
  Psyche (D:8)
  5 trolls
  A merfolk (Lair:3)
  4 polar bears (Lair:5)
  10 hornets
  5 slime creatures (D:12)
  4 dream sheep
  17 blink frogs
  4 shadows
  6 wraiths
  13 spriggans (Lair:5)
  A basilisk (D:13)
  Grum (D:8)
  A wyvern (Lair:4)
  7 fire bats (Volcano)
  46 yaks
  18 vampire mosquitoes
  2 steam dragons (D:9)
  16 humans
  Menkaure (D:6)
  A human zombie (D:15)
  3 swamp worms (Lair:1)
  4 wargs
  A two-headed ogre zombie (D:9)
  27 water moccasins
  An acid dragon (D:8)
  24 orc warriors
  2 ice beasts
  5 black bears
  32 wolves
  3 sky beasts
  9 ogres
  2 centaurs
  3 boggarts (Lair:5)
  6 kobold brigands
  A phantom (D:6)
  13 bullfrogs
  A necrophage (D:8)
  6 gnoll sergeants
  4 scorpions
  5 wights (D:10)
  A troll zombie (D:9)
  5 electric eels (Lair:3)
  A howler monkey (D:9)
  7 lava snakes (Volcano)
  20 orc priests
  4 hounds
  4 jellies
  2 gnoll boudas
  11 iguanas
  27 orc wizards
  5 ogre zombies (D:9)
  23 adders
  36 gnolls
  2 white imps
  2 ufetubi
  2 worms
  A dart slug (D:5)
  56 orcs
  4 ball pythons
  7 bats
  5 endoplasms
  3 giant cockroaches
  9 goblins
  11 hobgoblins
  28 kobolds
  3 quokkas
  2 frilled lizards
  5 goblin zombies (D:9)
  2 hobgoblin zombies (D:9)
  5 orc skeletons (D:9)
  13 orc zombies (D:9)
  6 rats
  A bush (Lair:1)
  A butterfly (Lair:5)
791 creatures vanquished.

Vanquished Creatures (others)
  An orc wizard (D:12)
  An orc (D:12)
  A bush (Lair:1)
  58 fungi
  104 plants
165 creatures vanquished.

Grand Total: 956 creatures vanquished

Notes
Turn   | Place    | Note
-------+----------+-------------------------------------------
     0 | D:5      | flotson the Demonspawn Delver began the quest for the Orb.
     0 | D:5      | Reached XP level 1. HP: 18/18 MP: 1/1
    25 | D:5      | Noticed a hound
    43 | D:5      | Killed a hound
    44 | D:5      | Reached skill level 2 in Dodging
    44 | D:5      | Reached skill level 1 in Evocations
    44 | D:5      | Gained mutation: You are partially covered in razor-sharp
                  | scales. (AC +1, Slay +1) [demonic ancestry]
    44 | D:5      | Reached XP level 2. HP: 20/24 MP: 2/2
    44 | D:5      | Gained mutation: You regenerate a little health from kills.
                  | [demonic ancestry]
    44 | D:5      | Reached XP level 3. HP: 24/29 MP: 3/3
    48 | D:5      | Reached skill level 1 in Armour
    63 | D:5      | Noticed an ogre
    64 | D:5      | Found an ornate altar of the Wu Jian Council.
    64 | D:5      | Noticed an ogre
   141 | D:3      | Reached skill level 1 in Axes
   236 | D:3      | Found Irchetebu's Magic Scroll Shop.
   247 | D:3      | Bought a scroll of noise for 13 gold pieces
   832 | D:1      | Reached XP level 4. HP: 35/35 MP: 4/4
  1195 | D:2      | Found Muokkupu's Book Emporium.
  1549 | D:3      | Found Fetam's Assorted Antiques.
  1553 | D:3      | Bought a fuming black potion for 22 gold pieces
  1553 | D:3      | Bought a lumpy orange potion for 22 gold pieces
  1553 | D:3      | Bought a bubbling purple potion for 22 gold pieces
  1553 | D:3      | Bought an amethyst potion for 22 gold pieces
  1696 | D:3      | Reached skill level 1 in Throwing
  1715 | D:3      | Found a faded altar of an unknown god.
  1722 | D:3      | Got Plato's Treatise on the Barrage
  1843 | D:3      | Reached XP level 5. HP: 34/41 MP: 5/5
  1876 | D:3      | Found Retyzae's Magic Scroll Emporium.
  1978 | D:3      | Found a sparkling altar of Nemelex Xobeh.
  2008 | D:3      | Found Oqibbyoj's Armour Emporium.
  2031 | D:3      | Found Ydweufull's Distillery.
  2053 | D:3      | Bought a potion of degeneration for 14 gold pieces
  2100 | D:3      | Found a sacrificial altar of Ru.
  2102 | D:3      | Found an ancient bone altar of Kikubaaqudgha.
  2403 | D:3      | Reached XP level 6. HP: 44/48 MP: 6/6
  2456 | D:3      | Reached skill level 3 in Dodging
  4176 | D:5      | Reached XP level 7. HP: 54/54 MP: 7/7
  5295 | D:6      | Gained mutation: You regenerate health from kills. [demonic
                  | ancestry]
  5295 | D:6      | Reached XP level 8. HP: 49/61 MP: 8/8
  5447 | D:6      | Reached skill level 4 in Dodging
  5646 | D:6      | Found a staircase to the Ecumenical Temple.
  5655 | Temple   | Entered the Ecumenical Temple
  5714 | Temple   | Became a worshipper of Gozag Ym Sagoz the Greedy
  5874 | D:6      | Reached skill level 5 in Fighting
  6254 | D:6      | Noticed Menkaure
  6262 | D:6      | Killed Menkaure
  6484 | D:3      | Bought 3 scrolls of identify for 78 gold pieces
  6484 | D:3      | Bought a scroll of identify for 26 gold pieces
  6484 | D:3      | Bought a scroll of identify for 26 gold pieces
  6779 | D:7      | Gained mutation: You may rarely emit foul miasma when
                  | damaged in melee. [demonic ancestry]
  6779 | D:7      | Reached XP level 9. HP: 68/68 MP: 9/9
  7022 | D:7      | Paralysed by a hornet for 3 turns
  7173 | D:7      | Reached skill level 5 in Evocations
  7177 | D:7      | Reached skill level 5 in Dodging
  7759 | D:8      | Reached skill level 5 in Armour
  8177 | D:8      | Noticed Grum
  8179 | D:8      | Reached skill level 5 in Axes
  8482 | D:8      | Killed Grum
  8483 | D:8      | Reached skill level 5 in Throwing
  8512 | D:8      | Reached XP level 10. HP: 77/77 MP: 10/10
  8896 | D:8      | Noticed Psyche
  8973 | D:8      | Killed Psyche
  9630 | D:9      | Paralysed by a hornet for 1 turns
  9633 | D:9      | Reached skill level 1 in Shields
  9795 | D:9      | Reached skill level 6 in Dodging
 10140 | D:9      | Noticed a two-headed ogre
 10362 | D:9      | Found a staircase to the Orcish Mines.
 11241 | D:9      | Killed a two-headed ogre
 11242 | D:9      | Gained mutation: You have large cloven feet. [demonic
                  | ancestry]
 11242 | D:9      | Reached XP level 11. HP: 84/84 MP: 11/11
 12551 | D:10     | Entered Level 10 of the Dungeon
 12749 | D:3      | Bought a scroll of acquirement for 728 gold pieces
 12749 | D:3      | Acquired a manual of Dodging
 12751 | D:3      | Bought a scroll of identify for 28 gold pieces
 12751 | D:3      | Bought a scroll of identify for 28 gold pieces
 12751 | D:3      | Bought a scroll of identify for 28 gold pieces
 12771 | D:3      | Bought a scarf of shadows for 168 gold pieces
 12771 | D:3      | Bought a +2 chain mail of willpower for 301 gold pieces
 13043 | D:10     | Paralysed by a hornet for 3 turns
 13218 | D:10     | Reached skill level 7 in Dodging
 13283 | D:10     | Found a snail-covered altar of Cheibriados.
 13444 | D:11     | Noticed a two-headed ogre
 13449 | D:11     | Killed a two-headed ogre
 13539 | D:11     | Noticed a two-headed ogre
 13544 | D:11     | Killed a two-headed ogre
 13592 | D:11     | Found a staircase to the Lair.
 13788 | D:11     | Noticed a two-headed hydra
 13794 | D:11     | Killed a two-headed hydra
 13855 | D:11     | Noticed a two-headed ogre
 13872 | D:11     | Killed a two-headed ogre
 14038 | D:11     | Noticed an eight-headed hydra
 14051 | D:11     | Killed an eight-headed hydra
 14064 | D:11     | Reached skill level 8 in Dodging
 14064 | D:11     | Gained mutation: You have hoof-like feet. [demonic
                  | ancestry]
 14064 | D:11     | Reached XP level 12. HP: 94/94 MP: 12/12
 14242 | Lair:1   | Entered Level 1 of the Lair of Beasts
 14434 | Lair:1   | Noticed Maggie
 14448 | Lair:1   | Killed Maggie
 14456 | Lair:1   | Found a dark tunnel.
 14463 | Volcano  | Entered a volcano
 14580 | Volcano  | Noticed a two-headed ogre
 14584 | Volcano  | Killed a two-headed ogre
 14617 | Volcano  | Noticed a two-headed ogre
 14618 | Volcano  | Noticed a two-headed ogre
 14621 | Volcano  | Killed a two-headed ogre
 14728 | Volcano  | Noticed an ogre mage
 14734 | Volcano  | Killed an ogre mage
 14857 | Volcano  | Killed a two-headed ogre
 14858 | Volcano  | Reached skill level 5 in Shields
 14904 | Volcano  | Found a burning altar of Makhleb.
 14904 | Volcano  | Noticed a two-headed ogre
 14916 | Volcano  | Killed a two-headed ogre
 14919 | Volcano  | Noticed a two-headed ogre
 14973 | Volcano  | Killed a two-headed ogre
 14974 | Volcano  | Reached skill level 9 in Dodging
 15051 | Volcano  | Identified the +3 ring mail "Keabo" {rC+ MP+9}
 16105 | Lair:2   | Noticed a four-headed hydra
 16111 | Lair:2   | Killed a one-headed hydra
 16249 | Lair:2   | Gained mutation: You are mostly covered in razor-sharp
                  | scales. (AC +2, Slay +2) [demonic ancestry]
 16249 | Lair:2   | Reached XP level 13. HP: 64/101 MP: 13/13
 16592 | Lair:2   | You fall into a shaft and drop 2 floors!
 16592 | Lair:4   | Noticed Nessos
 16851 | Lair:3   | Reached skill level 10 in Dodging
 17121 | Lair:2   | Found a hole to the Spider Nest.
 17767 | Lair:3   | Reached skill level 10 in Fighting
 17787 | Lair:3   | Noticed Gastronok
 17798 | Lair:3   | Killed Gastronok
 18137 | Lair:3   | Found a staircase to the Shoals.
 18806 | Lair:4   | Found a viscous altar of Jiyva.
 18807 | Lair:4   | Found a staircase to the Slime Pits.
 19170 | Lair:5   | Entered Level 5 of the Lair of Beasts
 19246 | Lair:5   | Reached skill level 11 in Dodging
 19252 | Lair:5   | Reached XP level 14. HP: 105/110 MP: 14/14
 19608 | Lair:5   | Reached skill level 10 in Evocations
 20561 | Orc:1    | Entered Level 1 of the Orcish Mines
 20562 | Orc:1    | Noticed an orc warlord
 20578 | D:9      | HP: 4/111 [orc warlord/+3 great mace of protection (33)]
 20740 | D:9      | Killed an orc warlord
 21125 | Orc:2    | Entered Level 2 of the Orcish Mines
 21133 | Orc:2    | Found Ryefyem's Antique Weapon Emporium.
 21289 | Orc:1    | Noticed an orc warlord
 21331 | Orc:1    | Killed an orc warlord
 21532 | Orc:2    | Reached skill level 12 in Dodging
 21728 | Orc:2    | Bought an ichor-stained morningstar for 225 gold pieces
 21728 | Orc:2    | Identified the +3 morningstar of Floral Valiance {vorpal,
                  | Fly rC+} (You bought it in a shop on level 2 of the Orcish
                  | Mines)
 21820 | Orc:2    | Found Paoxiog's Antique Armour Shop.
 21835 | Orc:2    | Bought a glowing helmet for 150 gold pieces
 21835 | Orc:2    | Bought a tower shield for 90 gold pieces
 21948 | Orc:2    | Found Areloug's General Store.
 21975 | Orc:2    | Bought a scroll of teleportation for 36 gold pieces
 21975 | Orc:2    | Bought a potion of curing for 36 gold pieces
 21975 | Orc:2    | Bought a scroll of fear for 48 gold pieces
 21975 | Orc:2    | Bought 2 potions of heal wounds for 120 gold pieces
 22061 | Orc:2    | Found Akkan's Book Shoppe.
 22061 | Orc:2    | Noticed a stone giant
 22071 | Orc:2    | Killed a stone giant
 22089 | Orc:2    | Found a staircase to the Elven Halls.
 22596 | D:3      | Bought 3 scrolls of enchant weapon for 292 gold pieces
 22596 | D:3      | Bought a scroll of fog for 52 gold pieces
 22596 | D:3      | Bought a scroll of teleportation for 39 gold pieces
 22596 | D:3      | Bought a scroll of torment for 123 gold pieces
 22604 | D:3      | Bought a runed broad axe for 238 gold pieces
 22604 | D:3      | Bought 3 scrolls of fear for 408 gold pieces
 22604 | D:3      | Bought a scroll of magic mapping for 255 gold pieces
 22607 | D:3      | Bought a shimmering troll leather armour for 720 gold
                  | pieces
 22607 | D:3      | Identified the +1 troll leather armour of Privacy {Rampage
                  | +Blink Regen+ rCorr Dex-2 Stlth+} (You bought it in a shop
                  | on level 3 of the Dungeon)
 22610 | D:3      | Bought a twisted leather armour for 252 gold pieces
 22610 | D:3      | Identified the +1 leather armour "Ihaorchu" {Int-5 Dex+3
                  | SInv} (You bought it in a shop on level 3 of the Dungeon)
 22610 | D:3      | Bought a twisted leather armour for 252 gold pieces
 22610 | D:3      | Identified the +0 leather armour "Azaged" {Regen+ Int+4
                  | Stlth+} (You bought it in a shop on level 3 of the Dungeon)
 22828 | Elf:1    | Entered Level 1 of the Elven Halls
 23045 | D:12     | Noticed Nergalle
 23053 | D:12     | Killed Nergalle
 23146 | D:12     | Noticed Josephine
 23152 | D:12     | Killed Josephine
 23228 | D:12     | Found Zoas's Jewellery Boutique.
 23280 | D:12     | Gained mutation: You sometimes emit foul miasma when
                  | damaged in melee. [demonic ancestry]
 23280 | D:12     | Reached XP level 15. HP: 112/118 MP: 15/15
 23379 | D:12     | Found Tiaser's General Store.
 23389 | D:12     | Bought a wand of acid (2) for 117 gold pieces
 23389 | D:12     | Bought a +1 helmet of see invisible for 231 gold pieces
 23389 | D:12     | Bought a scroll of fog for 56 gold pieces
 23640 | D:12     | Found Guymo's Weapon Shoppe.
 23640 | D:12     | Noticed Kirke
 23645 | D:12     | Killed Kirke
 23847 | D:12     | Found Faoc's Distillery.
 23858 | D:12     | Bought a potion of haste for 160 gold pieces
 23858 | D:12     | Bought a potion of heal wounds for 80 gold pieces
 23858 | D:12     | Bought a potion of haste for 160 gold pieces
 23858 | D:12     | Bought a potion of heal wounds for 80 gold pieces
 23946 | D:12     | Reached skill level 10 in Armour
 24137 | D:13     | Noticed Rupert
 24137 | D:13     | Found a gate to the Vaults.
 24190 | D:13     | Found Ynukaf's General Store.
 24224 | D:13     | Found Dane's Magic Scroll Emporium.
 24235 | D:13     | Reached skill level 10 in Axes
 24276 | D:13     | Identified the +1 leather armour "Cofod" {rF+ rCorr Str+6}
 24522 | D:13     | Reached skill level 10 in Throwing
 24576 | D:13     | Killed Rupert
 24883 | D:13     | Reached skill level 13 in Dodging
 25569 | D:15     | Entered Level 15 of the Dungeon
 25671 | D:15     | Found a staircase to the Depths.
 26714 | Elf:1    | Gained mutation: You regenerate a lot of health from kills.
                  | [demonic ancestry]
 26714 | Elf:1    | Reached XP level 16. HP: 70/127 MP: 16/16
 27010 | Elf:1    | Killed from afar by a deep elf zephyrmancer

Illustrated notes

Levels and vault maps discovered:
D:1:      nicolae_arrival_memento_mori, layout_basic, minmay_heptomino_o4
D:2:      layout_rooms, serial_shops, shop_statue
D:3:      layout_basic, nicolae_overflow_hidden_temple, serial_shops,
          nicolae_square_shop, nicolae_shop_crystal,
          nicolae_shop_hallway_stairs, nicolae_shop_waterfront,
          nicolae_shop_trees, shapermc_ecumenical_altar_rom_forum
D:4:      layout_rooms, hangedman_decor_peaks_small
D:5:      layout_basic, mainiacjoe_overflow_catwalk, hangedman_decor_lopped
D:6:      layout_basic, minmay_temple_entry_waves, uniq_menkaure
D:7:      layout_loops_ring
D:8:      nicolae_cairo_tiling, layout_cave_pools, grunt_decor_resistance,
          uniq_grum, uniq_psyche
D:9:      kennysheep_housing_project, layout_layer_cave, zombieorc2_lemuel
D:10:     layout_big_octagon, slow_altar_2, amcnicky_altar_gilded
D:11:     layout_loops_ring, lair_entry_dummy, hangedman_ranch
D:12:     layout_loops_corners, serial_shops, nicolae_lakefront_shop, shop,
          nicolae_stop_n_shop_2, nicolae_shop_bloodbath_and_beyond,
          grunt_ministairs_8, uniq_kirke, uniq_josephine, uniq_nergalle
D:13:     layout_rooms, david_vaults_3, serial_shops, nicolae_stop_n_shop_2,
          shop
D:14:     layout_small_grid, uniq_rupert
D:15:     gammafunk_depths_entry_grave, layout_irregular_city,
          nicolae_benzene_ring
Temple:   nicolae_temple_superstar
Lair:1:   gammafunk_indiana_jones, layout_cave_pods,
          nicolae_volcano_entry_hallway, minmay_hedge_maze, worms_lemuel,
          uniq_maggie
Lair:2:   beast_lair_carwin_large_1, layout_regular_city,
          nicolae_spider_entry_orb_guardian, patterned_corridor
Lair:3:   lemuel_reptile_caves, layout_regular_city, elwin_shoals_entry_rooms,
          serial_bayou_shore_b, infiniplex_staircase_pool, uniq_gastronok
Lair:4:   layout_roguey, dpeg_slime_entry_enclosed, uniq_nessos
Lair:5:   minmay_lair_end_enchanted_forest, layout_regular_city,
          serial_bayou_pond_a, lemuel_fruit_fields
Orc:1:    layout_diamond_mine
Orc:2:    grunt_orc_gardens, layout_caves, grunt_orc_garden, grunt_orc_garden,
          grunt_orc_garden, grunt_orc_garden
Elf:1:    eino_elf_arrival_customs, layout_loops_corners, basic_altar,
          serial_shops, shop, kennysheep_underground_church

Skill      XL: |  1  2  3  4  5  6  7  8  9 10 11 12 13 14 15 16 |
---------------+-------------------------------------------------+-----
Dodging        | 2 3 4 5 6 8 9 11 12 13 | 13.7
Evocations     | 1 2 3 4 5 6 7 8 9 10 11 | 11.6
Armour         | 1 2 3 4 5 6 7 8 9 10 | 10.7
Axes           | 1 2 3 4 5 6 7 8 9 10 | 10.7
Throwing       | 1 2 3 4 5 6 7 8 9 10 | 10.5
Fighting       | 4 5 6 7 8 9 10 11 12 | 12.0
Shields        | 2 4 5 6 8 9 |  9.1
Polearms       | |  1.7
Stealth        | |  4.5

Action                   |  1- 3 |  4- 6 |  7- 9 | 10-12 | 13-15 | 16-18 || total
-------------------------+-------+-------+-------+-------+-------+-------++-------
Melee: Spear             |    49 |       |       |       |       |       ||    49
       Flail             |    25 |   106 |       |       |       |       ||   131
       Punch             |     1 |     1 |     5 |       |       |       ||     7
       War axe           |       |    21 |   194 |   340 |       |       ||   555
       Unarmed           |       |       |       |     1 |     1 |       ||     2
       Kick              |       |       |       |   108 |   372 |    12 ||   492
       Trident           |       |       |       |    29 |       |       ||    29
       Broad axe         |       |       |       |   130 |   974 |    33 ||  1137
Throw: Dart              |       |    21 |    13 |    13 |    18 |       ||    65
       Boomerang         |       |       |       |       |    16 |       ||    16
Invok: Call Merchant     |       |       |       |       |     2 |       ||     2
Evoke: Wand              |     1 |     1 |       |    14 |    19 |       ||    35
  Use: Potion            |     1 |       |     2 |     1 |     4 |       ||     8
       Scroll            |     1 |     1 |    16 |    13 |     6 |       ||    37
 Stab: Distracted        |       |       |       |     2 |     6 |       ||     8
Armor: Chain mail        |    40 |    59 |   104 |   207 |   442 |    13 ||   865
Dodge: Dodged            |    18 |    69 |   162 |   302 |   459 |    14 ||  1024
Block: Buckler           |       |       |       |   110 |   162 |       ||   272
       Tower shield      |       |       |       |       |   312 |    13 ||   325

Table legend: (Time is in decaauts)
 A = Elapsed time spent in this place.
 B = Non-inter-level travel time spent in this place.
 C = Inter-level travel time spent in this place.
 D = Time resting spent in this place.
 E = Time spent auto-exploring this place.
 F = Levels seen in this place.
 G = Mean time per level.
                   A        B        C        D        E       F      G
               +--------+--------+--------+--------+--------+-----+--------+
         Total |  27651 |  25551 |   2100 |   2395 |  17673 |  25 | 1106.0 |
       Dungeon |  18989 |  17387 |   1602 |   2037 |  11948 |  15 | 1265.9 |
        Temple |     71 |     59 |     12 |      0 |     44 |   1 |   71.0 |
          Lair |   5833 |   5680 |    153 |    148 |   4235 |   5 | 1166.6 |
  Orcish Mines |   1795 |   1465 |    330 |    166 |    916 |   2 |  897.5 |
   Elven Halls |    341 |    339 |      2 |     34 |    201 |   1 |  341.0 |
       Volcano |    620 |    620 |      0 |     10 |    329 |   1 |  620.0 |
               +--------+--------+--------+--------+--------+-----+--------+

Top non-repeatable levels by time:
     D:9: 3016 daAuts
     D:8: 1892 daAuts
     D:7: 1853 daAuts
     D:4: 1587 daAuts
     D:5: 1414 daAuts
  Lair:3: 1386 daAuts
     D:3: 1382 daAuts
    D:12: 1349 daAuts
  Lair:5: 1300 daAuts
  Lair:1: 1185 daAuts
     D:6: 1158 daAuts
  Lair:2: 1118 daAuts
    D:11: 1066 daAuts
    D:15: 989 daAuts
   Orc:2: 936 daAuts
